 Dungeon Crawl Stone Soup version 0.31.0-11-ge490571c62 (webtiles) character file.

Game seed: 7056331816976980800

81 mopl the Shooter (level 4, 0/38 HPs)
             Began as a Hill Orc Hunter on Feb 10, 2024.
             Was an Initiate of Beogh.
             Slain by a gnoll
             ... wielding a +1 whip of electrocution
              (10 damage)
             ... on level 3 of the Dungeon.
             The game lasted 00:03:09 (2102 turns).

mopl the Shooter (Hill Orc Hunter)                  Turns: 2102, Time: 00:03:09

Health: 0/38       AC:  7    Str: 15    XL:     4   Next: 40%
Magic:  4/4        EV: 11    Int:  9    God:    Beogh [......]
Gold:   80         SH:  0    Dex: 14    Spells: 3/3 levels left

rFire   . . .        a - +0 shortbow
rCold   . . .        (shield currently unavailable)
rNeg    . . .        g - +0 ring mail
rPois   .            (no helmet)
rElec   .            k - +0 cloak
rCorr   .            p - +0 pair of gloves
SInv    .            (no boots)
Will    .....        (no amulet)
Stlth   +            (no ring)
HPRegen 0.26/turn    (no ring)
MPRegen 0.09/turn

%: no passive effects
@: no status effects
A: no striking features
a: Renounce Religion


You were on level 3 of the Dungeon.
You worshipped Beogh.
Beogh was noncommittal.
You visited 1 branch of the dungeon, and saw 4 of its levels.

You collected 197 gold pieces.
You spent 117 gold pieces at shops.

Inventory:

Hand Weapons
 a - a +0 shortbow (weapon)
 s - a +0 war axe
Armour
 g - a +0 ring mail (worn)
 k - a +0 cloak (worn)
 p - a +0 pair of gloves (worn)
Scrolls
 b - a scroll of butterflies
 c - a scroll of silence {unknown}
 d - a scroll of amnesia {unknown}
 e - 3 scrolls of identify
 l - 2 scrolls of teleportation
 m - a scroll of poison
 n - a scroll of blinking {unknown}
 o - a scroll of fear {unknown}
 r - 3 scrolls of immolation {unknown}
Potions
 f - 2 potions of curing {unknown}
 h - a potion of haste {unknown}
 i - a potion of degeneration {unknown}
 j - 2 potions of lignification {unknown}
 q - a potion of might {unknown}
 t - a potion of attraction {unknown}


   Skills:
 + Level 3.3 Fighting
 * Level 4.3 Ranged Weapons
 + Level 1.5 Armour
 + Level 2.1 Dodging
 - Level 0.7 Stealth
 + Level 0.3 Invocations


You had 3 spell levels left.
You didn't know any spells.
Your spell library was empty.

Dungeon Overview and Level Annotations

Branches:
Dungeon (4/15)
 Temple: D:4-7

Altars:
Zin

Shops:
D:2 ?

Annotations:
D:3 dig


Message History

The arrow hits the orc wizard but does no damage.
You shoot an arrow. The arrow barely misses the orc wizard.
You shoot an arrow.
The arrow hits the orc wizard but does no damage.
The orc wizard casts a spell.
The orc wizard flickers and vanishes!
Deactivating autopickup; reactivate with Ctrl-A.
No target in view!
No target in view!
No target in view!
No target in view!
Found an escape hatch in the floor.
Something hits you.
A magic dart appears from out of thin air!
The magic dart hits you!
The gnoll shouts!
A gnoll comes into view. It is wielding a +0 whip.
The gnoll shouts!
There is a stone staircase leading up here.
The gnoll barely misses you.
You climb upwards.
Level annotation: dig Reactivating autopickup.
There is a stone staircase leading down here.
You shoot an arrow. The arrow hits the gnoll!
The gnoll is severely wounded.
The gnoll barely misses you.
You shoot an arrow. The arrow barely misses the gnoll.
The gnoll barely misses you.
The gnoll hits you with a +1 whip of electrocution.
You are electrocuted!
You are too injured to fight recklessly!
You are too injured to fight recklessly!
You are too injured to fight recklessly!
The gnoll attacks as it pursues you!
The gnoll hits you with a +1 whip of electrocution!
* * * LOW HITPOINT WARNING * * *
The gnoll attacks as it pursues you! The gnoll hits you but does no damage.
You are electrocuted!
You die...

########## #.........
#.######## #.# # #.# #
###### #.# # #....# #.# #
###....###########.########
#.....>..g@................
#...........#######........
#...........# #.#####..
#...........#######.# #.'..
###...............#.# #.#..
#.................# #.#).
#...............#####.#..
#.....................#..
#####.....##..###........


You could see a gnoll.

Vanquished Creatures
  An adder (D:3)
  2 dart slugs
  A ribbon worm (D:2)
  5 orcs
  2 bats (D:1)
  7 endoplasms
  A giant cockroach (D:2)
  8 goblins
  4 hobgoblins (D:1)
  2 jackals (D:2)
  6 quokkas
  6 ball pythons
  4 frilled lizards
  2 kobolds (D:1)
  3 rats
54 creatures vanquished.

Notes
Turn   | Place    | Note
-------+----------+-------------------------------------------
     0 | D:1      | mopl the Hill Orc Hunter began the quest for the Orb.
     0 | D:1      | Reached XP level 1. HP: 18/18 MP: 1/1
    55 | D:1      | Reached XP level 2. HP: 25/25 MP: 2/2
   212 | D:1      | Reached skill level 1 in Armour
   301 | D:1      | Reached XP level 3. HP: 30/30 MP: 3/3
   408 | D:1      | Reached skill level 4 in Ranged Weapons
  1169 | D:2      | Found Jigyhes's Magic Scroll Emporium.
  1421 | D:2      | Bought a scroll of identify for 26 gold pieces
  1421 | D:2      | Bought a scroll of teleportation for 39 gold pieces
  1421 | D:2      | Bought a scroll of poison for 52 gold pieces
  1535 | D:3      | Became a worshipper of Beogh the Brigand
  1575 | D:3      | Reached XP level 4. HP: 38/38 MP: 4/4
  1608 | D:3      | You fall into a shaft and drop 1 floor!
  1704 | D:3      | Found a glowing silver altar of Zin.
  2023 | D:4      | Noticed a phantom
  2102 | D:3      | Slain by a gnoll

Illustrated notes

Levels and vault maps discovered:
D:1:      lemuel_arrival_cross, layout_basic, feat_on_display
D:2:      layout_loops_ring, serial_shops, nicolae_shop_window_shopping
D:3:      layout_basic, zin_scriptorium, minmay_cupped
D:4:      layout_rooms, uniq_eustachio

Skill      XL: |  1  2  3 |
---------------+----------+-----
Armour         | 1 |  1.5
Ranged Weapons | 4 |  4.3
Fighting       | 3 |  3.3
Dodging        | 2 |  2.1
Stealth        | |  0.7
Invocations    | |  0.3

Action                     |  1- 3 |  4- 6 || total
---------------------------+-------+-------++-------
   Fire: Shortbow          |   149 |    47 ||   196
 Invoke: Convert to Beogh  |     1 |       ||     1
 Armour: Leather armour    |    22 |       ||    22
         Ring mail         |    19 |    14 ||    33
  Dodge: Dodged            |    43 |     8 ||    51
